 Dungeon Crawl Stone Soup version 0.30-a0-223-gcb0039aa0c (webtiles) character file.

Game seed: 15716802350846128289

165 Anias the Ducker (level 5, -2/50 HPs)
             Began as a Troll Gladiator on Oct 9, 2022.
             Was an Initiate of Gozag.
             Slain by an orc wizard
             ... wielding a +1 dagger of venom
              (3 damage)
             ... on level 6 of the Dungeon.
             The game lasted 00:08:41 (2179 turns).

Anias the Ducker (Troll Gladiator)                  Turns: 2179, Time: 00:08:42

Health: -2/50      AC:  4    Str: 28    XL:     5   Next: 21%
Magic:  4/4        EV: 10    Int:  3    God:    Gozag
Gold:   181        SH:  0    Dex: 10    Spells: 4/4 levels left

rFire   . . .      SeeInvis .    a - +0 war axe
rCold   + . .      Faith    .    (no shield)
rNeg    . . .      Spirit   .    b - +0 robe
rPois   +          Reflect  .    c - +0 hat
rElec   +          Harm     .    (no cloak)
rCorr   +          Rampage  .    (gloves unavailable)
Will    .....                    (boots unavailable)
Stlth   +.........               (no amulet)
HPRegen 1.08/turn                (no ring)
MPRegen 0.09/turn                (no ring)

@: mighty, lethally poisoned (-2 -> -3), about to teleport, resistant, hasted,
fire susceptible, very quick
A: large, unfitting armour, claws 3, regeneration 1, shaggy fur 1, tough skin 1,
talons 1, mutation resistance 1, strong 1
a: Renounce Religion, Potion Petition, Call Merchant, Bribe Branch


You were on level 6 of the Dungeon.
You worshipped Gozag.
Gozag was aware of your devotion.
You visited 1 branch of the dungeon, and saw 4 of its levels.

You collected 234 gold pieces.
You paid 53 gold pieces to Gozag.

Inventory:

Hand Weapons
 a - a +0 war axe (weapon)
Missiles
 d - 3 throwing nets (quivered)
 e - a large rock
Armour
 b - a +0 robe (worn)
 c - a +0 hat (worn)
Jewellery
 p - a ring of poison resistance
Scrolls
 f - 3 scrolls of teleportation
 j - a scroll of identify
 k - a scroll of poison
Potions
 g - a potion of might
 h - a potion of resistance
 i - a potion of brilliance {unknown}
 m - a potion of curing {unknown}
 n - a potion of invisibility {unknown}
 o - a potion of cancellation
 q - a potion of degeneration {unknown}
 r - a potion of haste


   Skills:
 + Level 2.6 Fighting
 + Level 3.2 Axes
 - Level 2.4 Throwing
 + Level 1.0 Armour
 + Level 3.2 Dodging


You had 4 spell levels left.
You didn't know any spells.
Your spell library contained the following spells:

 Spells                   Type           Power      Damage    Failure   Level
 Ozocubu's Armour         Ice            0%         N/A       88%         3
 Ozocubu's Refrigeration  Ice            0%         4d7       100%        7


Dungeon Overview and Level Annotations

Branches:
Dungeon (3/15)

Altars:
Gozag
Nemelex Xobeh
Ignis


Innate Abilities, Weirdness & Mutations

You are too large for most types of armour.
You have claws for hands.
Your natural rate of healing is unusually fast.
You are covered in fur. (AC +1)
You have tough skin. (AC +1)
You have sharp toenails.
You are somewhat resistant to further mutation.
Your muscles are strong. (Str +4, Int/Dex -1)


Message History

* * * LOW HITPOINT WARNING * * *
It was a potion of might.
You feel very mighty all of a sudden.
You feel sick.
The orc wizard mumbles some strange words.
The orc wizard flickers and vanishes!
Something hits you.
* * * LOW HITPOINT WARNING * * *
You are too injured to fight recklessly!
You are too injured to fight recklessly!
You are too injured to fight recklessly!
It was a potion of resistance.
You feel protected.
You feel sick.
Okay, then.
As you read the scroll of teleportation, it crumbles to dust.
You feel strangely unstable.
You feel sick. Something hits you but does no damage.
You hear some strange, mumbled words.
Something tries to affect you, but you resist.
It was a potion of mutation.
You feel extremely strange.
Your toenails lengthen and sharpen.
You feel genetically stable.
You feel stronger.
You feel sick. Something hits you but does no damage. Something hits you.
* * * LOW HITPOINT WARNING * * *
You miss something. x2; You feel sick. Something hits you.
* * * LOW HITPOINT WARNING * * *
Something hits you.
* * * LOW HITPOINT WARNING * * *
You barely miss something. Your kick misses something. You slash something!
You feel sick.
Unknown command.
You barely miss something. You hit something but do no damage.
You feel sick.
An orc wizard appears from thin air!
Reactivating autopickup.
Something hits you.
* * * LOW HITPOINT WARNING * * *
Deactivating autopickup; reactivate with Ctrl-A.
Something hits you.
You die...
Your body crumbles into a pile of gold.

... ####.
######### ##.#..
##.......####..##.
#.........#.#.....
#...###o..#....##.
#oo.#.#...........
#{###.#'#......#.#
#@#..:..#........#
#{###.###.....##..
#$..#.#...#.......
##..###o.###..#...
......# .......
.###..# ..##.. ..
.. ## #


You could see an orc wizard and an orc.

Vanquished Creatures
  A howler monkey (D:6)
  An orc wizard (D:6)
  5 adders
  An ufetubus (D:6)
  A dart slug (D:2)
  2 orcs (D:6)
  9 ball pythons
  4 bats
  3 endoplasms
  A giant cockroach (D:1)
  4 goblins
  6 hobgoblins
  7 kobolds
  2 quokkas
  4 frilled lizards
  8 rats
59 creatures vanquished.

Vanquished Creatures (others)
  An orc wizard (D:6)
1 creature vanquished.

Grand Total: 60 creatures vanquished

Notes
Turn   | Place    | Note
-------+----------+-------------------------------------------
     0 | D:1      | Anias the Troll Gladiator began the quest for the Orb.
     0 | D:1      | Reached XP level 1. HP: 19/19 MP: 0/0
     5 | D:1      | Noticed a death yak
    47 | D:1      | Found a faded altar of an unknown god.
    65 | D:1      | Prayed at the altar of an unknown god.
    65 | D:1      | Became a worshipper of Ignis, the Dying Flame
   453 | D:1      | Reached XP level 2. HP: 28/28 MP: 1/1
   502 | D:1      | Noticed a black mamba
  1102 | D:2      | Reached XP level 3. HP: 35/35 MP: 2/2
  1234 | D:2      | Found a sparkling altar of Nemelex Xobeh.
  1812 | D:3      | Found an opulent altar of Gozag.
  1827 | D:3      | Reached XP level 4. HP: 29/42 MP: 3/3
  1896 | D:3      | Fell from the grace of Ignis
  1896 | D:3      | Became a worshipper of Gozag Ym Sagoz the Greedy
  2095 | D:3      | Noticed a fire elemental
  2095 | D:3      | Noticed a fire elemental
  2121 | D:3      | You fall into a shaft and drop 3 floors!
  2155 | D:6      | Reached XP level 5. HP: 29/50 MP: 4/4
  2165 | D:6      | HP: 1/50 [orc wizard/+0 dagger (3)]
  2166 | D:6      | Reached skill level 1 in Armour
  2176 | D:6      | Gained mutation: You have sharp toenails. [potion of
                  | mutation]
  2176 | D:6      | Gained mutation: You are somewhat resistant to further
                  | mutation. [potion of mutation]
  2176 | D:6      | Gained mutation: Your muscles are strong. (Str +4, Int/Dex
                  | -1) [potion of mutation]
  2177 | D:6      | HP: 2/50 [something (2)]
  2179 | D:6      | Slain by an orc wizard

Illustrated notes

Levels and vault maps discovered:
D:1:      sevenhm_arrival_forest_fort_small_2, layout_basic,
          hellmonk_ecumenical_altar_zigzags
D:2:      layout_basic, basic_altar
D:3:      layout_rooms, mainiacjoe_overflow_tiny_flanked
D:6:      nicolae_cairo_tiling_large_dashed, layout_cave_pools,
          minmay_temple_entry_butterflies, minmay_a_box_with_orc_wizards_in_it,
          uniq_blork_the_orc

Skill      XL: |  1  2  3  4  5 |
---------------+----------------+-----
Throwing       | 2 |  2.4
Fighting       | 2 |  2.6
Dodging        | 3 |  3.2
Axes           | 3 |  3.2
Armour         | 1 |  1.0

Action                   |  1- 3 |  4- 6 || total
-------------------------+-------+-------++-------
Melee: War axe           |   118 |    52 ||   170
       Punch             |     1 |       ||     1
  Use: Scroll            |     2 |     2 ||     4
       Potion            |       |     7 ||     7
 Stab: Sleeping          |     4 |       ||     4
Armor: Robe              |    58 |    15 ||    73
Dodge: Dodged            |    65 |    31 ||    96

Table legend: (Time is in decaauts)
 A = Elapsed time spent in this place.
 B = Non-inter-level travel time spent in this place.
 C = Inter-level travel time spent in this place.
 D = Time resting spent in this place.
 E = Time spent auto-exploring this place.
 F = Levels seen in this place.
 G = Mean time per level.
                   A        B        C        D        E       F      G
               +--------+--------+--------+--------+--------+-----+--------+
         Total |   2228 |   2167 |     61 |      0 |   1692 |   4 |  557.0 |
       Dungeon |   2228 |   2167 |     61 |      0 |   1692 |   4 |  557.0 |
               +--------+--------+--------+--------+--------+-----+--------+

Top non-repeatable levels by time:
     D:2: 938 daAuts
     D:1: 912 daAuts
     D:3: 324 daAuts
     D:6: 53 daAuts
